 Dungeon Crawl Stone Soup version 0.24.0-1-gfbc8707 (webtiles) character file.

Game seed: 16647361582157554136, levelgen mode: deterministic

357 Bucky5 the Skirmisher (level 6, -9/49 HPs)
             Began as a Demonspawn Abyssal Knight on Oct 29, 2019.
             Was a Believer of Lugonu.
             Splashed by Ijyb's acid (15 damage)
             ... on level 4 of the Dungeon.
             The game lasted 00:04:44 (3056 turns).

Bucky5 the Skirmisher (Demonspawn Abyssal Knight)   Turns: 3056, Time: 00:04:44

Health: -9/49      AC:  2    Str: 15    XL:     6   Next: 37%
Magic:  8/8        EV:  9    Int: 13    God:    Lugonu [**....]
Gold:   170        SH:  0    Dex: 12    Spells: 5/5 levels left

rFire    . . .     SeeInvis .   a - +5 falchion
rCold    . . .     Gourm    .   (no shield)
rNeg     . . .     Faith    .   e - +1 scale mail
rPois    .         Spirit   .   (no helmet)
rElec    .         Reflect  .   (no cloak)
rCorr    .         Harm     .   (no gloves)
MR       .....                  (no boots)
Stlth    ..........             (no amulet)
HPRegen  0.16/turn              (no ring)
MPRegen  0.11/turn              (no ring)

@: corroded
A: molten scales 2, spiny 1, rot immunity
a: Depart the Abyss, Bend Space, Renounce Religion


You were on level 4 of the Dungeon.
You worshipped Lugonu.
Lugonu was pleased with you.
You were not hungry.

You visited 1 branch of the dungeon, and saw 4 of its levels.
You visited the Abyss 1 time.

You collected 170 gold pieces.

Inventory:

Hand Weapons
 a - a +5 falchion (weapon)
Missiles
 p - 7 boomerangs (quivered)
Armour
 e - a +1 scale mail (worn)
Jewellery
 k - a cursed amulet of inaccuracy {unknown}
Wands
 m - a wand of polymorph (9)
 t - a wand of flame (18)
Scrolls
 d - 2 scrolls of identify
 f - a scroll of noise {unknown}
 g - 4 scrolls of teleportation
Potions
 b - a potion of lignification {unknown}
 h - a potion of flight
 i - a potion of haste {unknown}
 j - a potion of magic
 l - a potion of cancellation {unknown}
 n - a potion of degeneration {unknown}
 o - a potion of mutation {unknown}
 q - a potion of brilliance {unknown}
 r - a potion of heal wounds {unknown}
Comestibles
 c - 4 rations


   Skills:
 + Level 4.4 Fighting
 + Level 4.0 Long Blades
 + Level 1.5 Throwing
 + Level 3.2 Armour
 - Level 1.2 Dodging
 - Level 0.1 Stealth
 - Level 2.6 Invocations


You had 5 spell levels left.
You didn't know any spells.
Your spell library was empty.

Dungeon Overview and Level Annotations

Branches:
Dungeon (4/15)             Temple (0/1) D:4

Altars:
Ashenzari
Dithmenos
Gozag
Sif Muna
Trog
Uskayaw
Wu Jian
Zin

Shops:
D:4 **

Annotations:
D:4 Ijyb


Innate Abilities, Weirdness & Mutations

You are mostly covered in molten scales. (AC +3)
You are partially covered in sharp spines.
You are immune to rotting.


Message History

Ijyb is severely wounded.
Ijyb misses you.
You hit Ijyb.
Ijyb is almost dead.
Ijyb hits you.
Ijyb zaps a wand.
The bolt of acid hits you!
* * * LOW HITPOINT WARNING * * *
The acid corrodes you!
You are splashed with acid!
* * * LOW HITPOINT WARNING * * *
You hit Ijyb but do no damage.
Ijyb is almost dead.
Ijyb hits you but does no damage.
Unknown command.
It was a potion of curing.
You feel better. Ijyb closely misses you.
You closely miss Ijyb.
Ijyb is almost dead.
Ijyb barely misses you.
You feel better.
Ijyb zaps a wand.
The bolt of acid hits you!
* * * LOW HITPOINT WARNING * * *
You are splashed with acid!
You die...

#. #. .# ##. ..
#.###.. #. #<..... #..
####..
..###################.
. ##
#................# #.
#..##.###>###
########.# #.
#......#...@# #.###.
#..###g# #..... #.##
#.# ##.#### #.# #.#
###...### ####.####.##
#........ #..........#
#.#...### .####
#.#.#.###..# ##.##.##
......#..###.##..
#.....# #..## #..
#..##.####


You could see Ijyb.

Vanquished Creatures
  Menkaure (D:4)
  A phantom (D:4)
  A hound skeleton (D:4)
  5 adders
  3 worms
  A dart slug (D:1)
  4 leopard geckos
  7 orcs
  A giant cockroach (D:4)
  6 goblins
  11 hobgoblins
  2 jackals (D:2)
  2 quokkas
  6 bats
  4 frilled lizards
  13 kobolds
  6 rats
74 creatures vanquished.

Vanquished Creatures (others)
  5 toadstools (D:1)
5 creatures vanquished.

Grand Total: 79 creatures vanquished

Notes
Turn   | Place    | Note
-------+----------+-------------------------------------------
     0 | Abyss:1  | Bucky5 the Demonspawn Abyssal Knight began the quest for
                  | the Orb.
     0 | Abyss:1  | Reached XP level 1. HP: 18/18 MP: 2/2
     3 | Abyss:1  | Found a blossoming altar of Fedhas.
    27 | Abyss:1  | Found a corrupted altar of Lugonu.
    92 | Abyss:1  | Noticed a large abomination
    94 | D:1      | Escaped the Abyss
   412 | D:1      | Gained mutation: You are partially covered in sharp spines.
                  | [demonic ancestry]
   412 | D:1      | Reached XP level 2. HP: 22/24 MP: 3/3
   458 | D:1      | Reached * piety under Lugonu
   830 | D:1      | Reached skill level 1 in Dodging
  1044 | D:1      | Gained mutation: You are immune to rotting. [demonic
                  | ancestry]
  1044 | D:1      | Reached XP level 3. HP: 26/30 MP: 4/4
  1222 | D:2      | Found a bloodstained altar of Trog.
  1239 | D:2      | Found a hide-covered altar of Uskayaw.
  1244 | D:2      | Reached XP level 4. HP: 32/37 MP: 6/6
  1318 | D:2      | Found a shadowy altar of Dithmenos.
  1318 | D:2      | Found an opulent altar of Gozag.
  1343 | D:2      | Reached ** piety under Lugonu
  2133 | D:3      | Found a shimmering blue altar of Sif Muna.
  2167 | D:3      | Found an ornate altar of the Wu Jian Council.
  2553 | D:3      | Found a shattered altar of Ashenzari.
  2592 | D:4      | Found Udoenoc's Assorted Antiques.
  2615 | D:4      | Found a staircase to the Ecumenical Temple.
  2639 | D:4      | Gained mutation: You are partially covered in molten
                  | scales. (AC +2) [demonic ancestry]
  2639 | D:4      | Reached XP level 5. HP: 42/42 MP: 7/7
  2642 | D:4      | Noticed a phantom
  2644 | D:4      | Noticed Menkaure
  2650 | D:4      | Killed Menkaure
  2650 | D:4      | Reached skill level 1 in Throwing
  2650 | D:4      | Gained mutation: You are mostly covered in molten scales.
                  | (AC +3) [demonic ancestry]
  2650 | D:4      | Reached XP level 6. HP: 47/48 MP: 8/8
  3015 | D:4      | Found Zin's Purification Station.
  3018 | D:4      | Found a glowing silver altar of Zin.
  3041 | D:4      | Noticed Ijyb
  3052 | D:4      | HP: 1/49 [acid (9)]
  3056 | D:4      | Splashed by Ijyb's acid

Levels and vault maps discovered:
D:1:      ldierk_walled_garden, layout_loops_corners, corexii_corridor_pit,
          minmay_distorted
D:2:      layout_rooms, lemuel_round_altar, overflow_temple_1_default,
          gammafunk_temple_overflow_elements, first_ration
D:3:      layout_rooms, old_standard_altar, nicolae_overflow_crystal_walls,
          cheibrodos_ashenzari_chains
D:4:      layout_loops_ring, zin_purify, minmay_temple_entry_arrows,
          serial_shops, nicolae_shop_stone, dk_rats_in_the_wall, uniq_menkaure,
          uniq_ijyb

Skill      XL: |  1  2  3  4  5  6 |
---------------+-------------------+-----
Dodging        | 1 |  1.2
Long Blades    | 2 3 4 |  4.0
Armour         | 2 3 |  3.2
Fighting       | 4 |  4.4
Throwing       | 1 |  1.5
Stealth        | |  0.1
Invocations    | |  2.6

Action                   |  1- 3 |  4- 6 || total
-------------------------+-------+-------++-------
Melee: Falchion          |    76 |    70 ||   146
Throw: Boomerang         |       |    18 ||    18
Invok: Depart the Abyss  |     1 |       ||     1
  Use: Scroll            |     5 |     6 ||    11
       Potion            |     2 |     2 ||     4
  Eat: Chunk             |     1 |     3 ||     4
       Ration            |       |     2 ||     2
Armor: Scale mail        |    61 |    34 ||    95
       Leather armour    |     3 |       ||     3
Dodge: Dodged            |    40 |    44 ||    84
       Rpst.: Falchion   |    17 |    15 ||    32
